 Dungeon Crawl Stone Soup version 0.31.0-12-g77e489cdc1 (webtiles) character file.

Game seed: 18222525078139357771

147 Gadfly the Trooper (level 5, -1/55 HPs)
             Began as an Oni Berserker on Feb 24, 2024.
             Was a Believer of Trog.
             Succumbed to a water moccasin's poison
             ... on level 4 of the Dungeon.
             The game lasted 00:02:57 (2504 turns).

Gadfly the Trooper (Oni Berserker)                  Turns: 2504, Time: 00:02:57

Health: -1/55      AC:  3    Str: 21    XL:     5   Next: 29%
Magic:  5/5        EV: 10    Int:  8    God:    Trog [**....]
Gold:   160        SH:  0    Dex: 16    Spells: 4/4 levels left

rFire   . . .        b - +1 mace (protect)
rCold   . . .        (no shield)
rNeg    . . .        i - +0 animal skin
rPois   .            (helmet restricted)
rElec   .            (no cloak)
rCorr   .            (gloves unavailable)
SInv    +            (boots unavailable)
Will    .....        (no amulet)
Stlth   +            e - ring of see invisible
HPRegen 0.29/turn    f - +6 ring of dexterity
MPRegen 0.09/turn

%: no passive effects
@: lethally poisoned (-1 -> -14), attractive
A: large, unfitting armour, horns 1, tough skin 1, double potion healing,
drunken brawling
a: Renounce Religion, Berserk, Trog's Hand


You were on level 4 of the Dungeon.
You worshipped Trog.
Trog was pleased with you.
You visited 1 branch of the dungeon, and saw 4 of its levels.

You collected 160 gold pieces.

Inventory:

Hand Weapons
 a - a +0 flail
 b - a +1 mace of protection (weapon)
Armour
 i - a +0 animal skin (worn)
Jewellery
 e - a ring of see invisible (left hand)
 f - a +6 ring of dexterity (right hand)
 k - an amulet of faith
 l - a ring of protection from fire
Potions
 d - a potion of might
 j - a potion of curing {unknown}


   Skills:
 + Level 4.7 Fighting
 * Level 4.0 Maces & Flails
 * Level 2.0 Armour
 - Level 2.6 Dodging
 * Level 1.8 Evocations


You had 4 spell levels left.
You didn't know any spells.
Your spell library was empty.

Dungeon Overview and Level Annotations

Branches:
Dungeon (4/15)
 Temple: D:4-7

Altars:
Vehumet


Innate Abilities, Weirdness & Mutations

You are too large for most types of armour.
You have a pair of small horns on your head.
You have tough skin. (AC +1)
You gain doubled healing and magic from potions.
Whenever you drink a healing potion, you attack all around you.


Message History

You are too injured to fight recklessly!
You are too injured to fight recklessly!
You are too injured to fight recklessly!
You are too injured to fight recklessly!
You are too injured to fight recklessly!
You are too injured to fight recklessly!
You are too injured to fight recklessly!
You are too injured to fight recklessly!
You are too injured to fight recklessly!
You are too injured to fight recklessly!
You are too injured to fight recklessly!
You are too injured to fight recklessly!
You are too injured to fight recklessly!
You are too injured to fight recklessly!
Unknown command.
You feel very mighty all of a sudden.
* * * LOW HITPOINT WARNING * * *
You feel very sick.
The water moccasin completely misses you.
The water moccasin bites you.
* * * LOW HITPOINT WARNING * * *
It was a potion of lignification.
You turn into a tree.
Your +0 animal skin melds into your body.
Your roots penetrate the ground.
* * * LOW HITPOINT WARNING * * *
You feel very sick.
The water moccasin bites you but does no damage.
Unknown command.
It was a potion of cancellation.
Your magical effects are unravelling.
You feel magically purged.
You feel less wooden.
Your +0 animal skin unmelds from your body.
You feel a little less mighty now.
* * * LOW HITPOINT WARNING * * *
You feel very sick.
The water moccasin bites you but does no damage.
It was a potion of attraction.
You feel attractive to monsters.
You die...

#........##
###......#
##....##
##...##
#....#######
#...........
#..$........
#.........##
#...@....##
#.....S...#
#..........#
#............#
#.....(........
...............
...........#...
..#####....##..


You could see a water moccasin.

Vanquished Creatures
  A hound (D:4)
  Jessica (D:2)
  2 adders
  2 dart slugs
  2 ribbon worms
  7 orcs
  4 ball pythons
  6 bats
  2 endoplasms (D:2)
  3 hobgoblins
  8 jackals
  7 kobolds
  A quokka (D:2)
  3 frilled lizards (D:1)
  4 goblins
  5 rats
58 creatures vanquished.

Notes
Turn   | Place    | Note
-------+----------+-------------------------------------------
     0 | D:1      | Gadfly the Oni Berserker began the quest for the Orb.
     0 | D:1      | Reached XP level 1. HP: 24/24 MP: 1/1
   160 | D:1      | Reached XP level 2. HP: 32/32 MP: 2/2
   708 | D:2      | Reached skill level 1 in Armour
   708 | D:2      | Reached skill level 1 in Evocations
   708 | D:2      | Reached XP level 3. HP: 30/39 MP: 3/3
   782 | D:2      | Reached ** piety under Trog
  1113 | D:2      | Found a radiant altar of Vehumet.
  1258 | D:2      | Noticed Jessica
  1262 | D:2      | Killed Jessica
  1263 | D:2      | Reached XP level 4. HP: 35/49 MP: 4/4
  1466 | D:2      | Found a faded altar of an unknown god.
  2179 | D:4      | Reached XP level 5. HP: 52/55 MP: 5/5
  2490 | D:4      | Noticed a water moccasin
  2503 | D:4      | HP: 2/55 [poisoned by a water moccasin]
  2504 | D:4      | Succumbed to a water moccasin's poison

Illustrated notes

Levels and vault maps discovered:
D:1:      elethiomel_arrival_shortcut, layout_basic
D:2:      layout_rooms, dreamdust_ecumenical_altar_hidden_monk_grotto,
          basic_altar, uniq_jessica
D:3:      layout_basic
D:4:      minmay_bubble_buster, layout_layer_cave

Skill      XL: |  1  2  3  4  5 |
---------------+----------------+-----
Armour         | 1 2 |  2.0
Evocations     | 1 |  1.8
Maces & Flails | 4 |  4.0
Fighting       | |  4.7
Dodging        | |  2.6

Action                     |  1- 3 |  4- 6 || total
---------------------------+-------+-------++-------
  Melee: Mace              |   114 |    26 ||   140
         Headbutt          |    11 |     8 ||    19
         Flail             |       |    20 ||    20
    Use: Scroll            |     1 |     2 ||     3
         Potion            |       |     5 ||     5
   Stab: Sleeping          |     1 |     1 ||     2
 Armour: Animal skin       |   118 |    24 ||   142
         Skin              |       |     1 ||     1
  Dodge: Dodged            |    81 |    33 ||   114
